 Dungeon Sprint DCSS version 0.27.1 (webtiles) character file.

Game seed: 8265841136429120481

22703 styxcanada the Ninja (level 12, -15/63 HPs)
             Began as a Spriggan Brigand on Aug 26, 2021.
             Was an Initiate of Gozag.
             Demolished by a spriggan berserker (18 damage)
             ... in the Dungeon (Sprint IV: "Fedhas' Mad Dash") on Aug 27, 2021.
             The game lasted 00:25:27 (2081 turns).

styxcanada the Ninja (Spriggan Brigand)             Turns: 2081, Time: 00:25:28

Health: -15/63     AC: 13    Str:  6    XL:     12   Next: 65%
Magic:  25/25      EV: 33    Int: 16    God:    Gozag
Gold:   1793       SH: 10    Dex: 27    Spells: 19/27 levels left

rFire    + . .     SeeInvis +   o - +3 dagger (venom)
rCold    + + .     Faith    .   t - +1 buckler
rNeg     + . .     Spirit   .   p - +2 robe {rC+ rF+}
rPois    +         Reflect  .   y - +2 hat
rElec    .         Harm     .   u - +2 ratskin cloak {*Rats rPois rN+ Str-1 Int-1 Dex+1}
rCorr    .         Rampage  .   (gloves unavailable)
Will     ++...     NoTele   +   (boots unavailable)
Stlth    ++++++++++             m - amulet of invisibility {+Inv}
HPRegen  0.20/turn              w - ring of Serendipity {Contam rC+ Int+3 Dex+6 SInv}
MPRegen  0.19/turn              q - +4 ring of protection

@: gold aura, very slightly contaminated, very quick
A: very small, no large weapons, unfitting armour, see invisible, speed 3
a: Renounce Religion, Evoke Invisibility, Potion Petition, Call Merchant, Bribe
Branch


You were in the Dungeon.
You worshipped Gozag.
Gozag was most pleased with you.
You visited 1 branch You collected 5677 gold pieces.
You spent 3884 gold pieces at shops.

Inventory:

Hand Weapons
 a - a +2 dagger
 o - a +3 dagger of venom (weapon)
 z - the +5 long sword "Spriggan's Curse" {flame, rPois Int-2 Dex+4}
   (You bought it in a shop in the Dungeon)

   It burns those it strikes, dealing additional fire damage.
   Big, fiery blades are also staple armaments of hydra-hunters.
   Int:       It affects your intelligence (-2).
   Dex:       It affects your dexterity (+4).
   rPois:     It protects you from poison.
 C - a +4 quick blade
Missiles
 d - 4 poisoned darts (quivered)
 e - a curare-tipped dart
 n - 72 stones
Armour
 c - a +0 cloak
 p - a +2 robe of resistance (worn)
 t - a +1 buckler (worn)
 u - the +2 ratskin cloak (worn) {*Rats rPois rN+ Str-1 Int-1 Dex+1}
   (You bought it in a shop in the Dungeon)

   When the wearer is hurt, rats may emerge from it to assist them.
   Str:       It affects your strength (-1).
   Int:       It affects your intelligence (-1).
   Dex:       It affects your dexterity (+1).
   rPois:     It protects you from poison.
   rN:        It protects you from negative energy.
 y - a +2 hat (worn)
Jewellery
 l - a ring of fire
 m - the amulet of invisibility (around neck) {+Inv}
   (You found it in the Dungeon)

   [amulet of nothing]

   +Inv:      It lets you turn invisible.
 q - a +4 ring of protection (right hand)
 r - the ring "Arakaoq" {rElec rPois rN+}
   (You found it in the Dungeon)

   [ring of poison resistance]

   rElec:     It insulates you from electricity.
   rPois:     It protects you from poison.
   rN:        It protects you from negative energy.
 w - the ring of Serendipity (left hand) {Contam rC+ Int+3 Dex+6 SInv}
   (You bought it in a shop in the Dungeon)

   [ring of dexterity]

   Int:       It affects your intelligence (+3).
   Dex:       It affects your dexterity (+6).
   rC:        It protects you from cold.
   SInv:      It lets you see invisible.
   Contam:    It causes magical contamination when unequipped.
 A - an amulet of guardian spirit
 B - the amulet of Arumav {Faith Fragile rElec rN+ Int+3}
   (You found it in the Dungeon)

   [amulet of faith]

   It allows you to gain divine favour quickly.
   Int:       It affects your intelligence (+3).
   rElec:     It insulates you from electricity.
   rN:        It protects you from negative energy.
   Fragile:   It will be destroyed if unequipped.
Scrolls
 b - a scroll of immolation
 k - a scroll of blinking
 s - a scroll of identify
Potions
 f - 3 potions of curing
 g - 3 potions of heal wounds
 h - a potion of haste
 i - 2 potions of magic
 j - 4 potions of berserk rage
 x - a potion of might
Miscellaneous
 v - a piece from Xom's chessboard (15/15)


   Skills:
 + Level 7.6 Fighting
 + Level 7.7 Short Blades
 + Level 5.5 Throwing
 * Level 13.5 Dodging
 O Level 27 Stealth
 * Level 5.0 Shields
 * Level 8.3 Spellcasting
 * Level 5.1 Conjurations
 * Level 7.5 Hexes
 * Level 5.4 Summonings
 * Level 5.1 Ice Magic
 * Level 5.8 Earth Magic
 * Level 16.5 Evocations


You had 19 spell levels left.
You knew the following spells:

 Your Spells              Type           Power      Damage    Failure   Level
a - Call Canine Familiar  Summ           23%        N/A       4%          3
b - Stone Arrow           Conj/Erth      48%        3d10      3%          3
c - Ensorcelled Hibernat  Hex/Ice        52%        N/A       1%          2

Your spell library contained the following spells:

 Spells                   Type           Power      Damage    Failure   Level
 Summon Small Mammal      Summ           92%        N/A       1%          1
 Summon Guardian Golem    Hex/Summ       27%        N/A       2%          3
 Inner Flame              Hex/Fire       18%        N/A       8%          3
 Sticky Flame             Conj/Fire      14%        2d4       38%         4
 Bolt of Magma            Conj/Fire/Erth 9%         4d7       58%         5
 Fire Storm               Conj/Fire      7%         8d2       100%        9
 Shatter                  Erth           12%        3d13*     100%        9


Dungeon Overview and Level Annotations

Branches:
Dungeon (1/1)

Altars:
Cheibriados
Dithmenos
Elyvilon
Gozag
Hepliaklqana
Kikubaaqudgha
Makhleb
Nemelex Xobeh
Okawaru
Qazlal
Ru
Sif Muna
Trog
Uskayaw
Vehumet
Wu Jian
Xom
Yredelemnul
Zin
The Shining One
Beogh
Jiyva
Lugonu

Shops:
D ?:=![!?(((((:([=[=![:


Innate Abilities, Weirdness & Mutations

You are very small and have problems with some larger weapons.
You are too small for most types of armour.
You have supernaturally acute eyesight. (SInv)
You cover ground extremely quickly. (Speed+++)


Message History

Your hell rat bites the spriggan berserker!
The spriggan berserker is no longer distracted by gold.
You flicker for a moment.
The spriggan berserker hits your hell rat with a +0 quarterstaff!!
Your hell rat dies!
Casting: Ensorcelled Hibernation (safe; 1% risk of failure)
Confirm with . or Enter, or press ? or * to list all spells.
You can't see any susceptible monsters within range! (Use Z to cast anyway.) Throw: 5 darts (poison)
Press: ? - help, Q - select action, (/) - cycle Shift-Dir - straight line, f/p - spriggan druid
Aim: a spriggan druid, wielding a +0 quarterstaff and wearing a +0 robe (moderately wounded, poisoned, 48% to hit)
You throw a poisoned dart.
The poisoned dart barely misses the spriggan berserker.
The poisoned dart hits the spriggan druid.
The spriggan druid is moderately wounded.
The spriggan druid calls out to the beasts of the wild!
You hear a trumpeting!
A moth of wrath comes into view.
You hit the spriggan berserker.
The spriggan berserker is poisoned.
The spriggan berserker is lightly wounded.
You flicker back into view.
The spriggan berserker misses you.
The spriggan druid calls out to the beasts of the wild!
You hear a trumpeting!
You hit the spriggan berserker but do no damage.
The spriggan berserker looks as sick as possible!
The spriggan berserker is lightly wounded.
The spriggan berserker misses you.
You hit the spriggan berserker but do no damage.
The spriggan berserker looks as sick as possible!
The spriggan berserker is lightly wounded.
You block the spriggan berserker's attack.
You hear a bellow!
You hear a trumpeting!
You block the spriggan berserker's attack.
The moth of wrath barely misses you.
You hear a bellow!
You hear a trumpeting!
The spriggan berserker is no longer berserk.
The spriggan berserker hits you with a +0 quarterstaff!!
You die...
Your body crumbles into a pile of gold.

...)P..........♣.)...∩.∩..).#
....P...#####################
######### ####### #######
###..#####..P∩∩###....[###
#.)..'........[##...P.)'.#
#....#####P....'.......###
##....# ##################
#.....#####∩∩∩#............######
......'....∩.∩'.@i....i....'.$.(.
......#####∩∩∩#..y.........######
#######***#######################
,,*,,*,,*,.♣..♣..♣..♣..♣.[♣..♣..♣
,,,,,,,,,,Y..........(.(.........
,,*,,*,,*,.♣..♣..♣..♣..♣.)♣..♣..♣
**************###################
*****,,,,,*****,,,,******,,,,,,**
,,,,,,,,,,,,,,,,,,,,,,,,,,,,,,,,,


You could see a spriggan berserker (regenerating, strong-willed, extremely
poisoned, slow, drained), a moth of wrath and a spriggan druid (poisoned).

Vanquished Creatures
  Agnes (D)
  A ghost moth (D)
  3 spriggan defenders (D)
  2 spriggan berserkers (D)
  2 spriggan druids (D)
  23 oklob plants (D)
  A moth of wrath (D)
  3 demonic crawlers (D)
  3 burning bushes (D)
  3 wandering mushrooms (D)
  6 hornets (D)
  A queen bee (D)
  4 scorpions (D)
  4 killer bees (D)
  5 oklob saplings (D)
  8 spriggans (D)
  A river rat (D)
  A rat (D)
  2 ballistomycete spores (D)
74 creatures vanquished.

Vanquished Creatures (others)
  A fungus (D)
1 creature vanquished.

Grand Total: 75 creatures vanquished

Notes
Turn   | Place    | Note
-------+----------+-------------------------------------------
     0 | D        | styxcanada the Spriggan Brigand began the quest for the
                  | Orb.
     0 | D        | Reached XP level 1. HP: 10/10 MP: 2/2
     9 | D        | Reached skill level 8 in Stealth
     9 | D        | Reached XP level 2. HP: 15/15 MP: 3/3
    18 | D        | Noticed an oklob sapling
    20 | D        | Killed an oklob sapling
    21 | D        | Reached skill level 10 in Stealth
    21 | D        | Reached XP level 3. HP: 18/18 MP: 4/4
    22 | D        | Noticed a scorpion
    22 | D        | Found the amulet of invisibility {+Inv}
    24 | D        | Killed a scorpion
    25 | D        | Reached skill level 12 in Stealth
    25 | D        | Reached XP level 4. HP: 23/23 MP: 5/5
    50 | D        | Found an opulent altar of Gozag.
    50 | D        | Found a hazy altar of Hepliaklqana.
    50 | D        | Found a burning altar of Makhleb.
    50 | D        | Found a sparkling altar of Nemelex Xobeh.
    50 | D        | Found a snail-covered altar of Cheibriados.
    50 | D        | Found a sacrificial altar of Ru.
    50 | D        | Found a shimmering blue altar of Sif Muna.
    50 | D        | Found a shimmering altar of Xom.
    50 | D        | Found a basalt altar of Yredelemnul.
    51 | D        | Found a viscous altar of Jiyva.
    51 | D        | Found a bloodstained altar of Trog.
    51 | D        | Found an ornate altar of the Wu Jian Council.
    52 | D        | Found an iron altar of Okawaru.
    52 | D        | Found a shadowy altar of Dithmenos.
    52 | D        | Found a glowing silver altar of Zin.
    53 | D        | Found an ancient bone altar of Kikubaaqudgha.
    53 | D        | Found a hide-covered altar of Uskayaw.
    54 | D        | Found a stormy altar of Qazlal.
    54 | D        | Found a white marble altar of Elyvilon.
    54 | D        | Found a glowing golden altar of the Shining One.
    55 | D        | Became a worshipper of Gozag Ym Sagoz the Greedy
    56 | D        | Found a corrupted altar of Lugonu.
    56 | D        | Found a radiant altar of Vehumet.
    60 | D        | Reached skill level 13 in Stealth
    60 | D        | Reached skill level 1 in Evocations
    60 | D        | Reached XP level 5. HP: 28/28 MP: 3/6
   112 | D        | Reached skill level 14 in Stealth
   119 | D        | Reached skill level 5 in Dodging
   119 | D        | Reached skill level 15 in Stealth
   142 | D        | Reached XP level 6. HP: 33/33 MP: 7/7
   189 | D        | Found Nual's Antique Armour Shop.
   190 | D        | Found Puixoh's Antique Weapon Emporium.
   195 | D        | Bought a runed dagger for 90 gold pieces
   197 | D        | Bought a runed robe for 85 gold pieces
   215 | D        | Noticed a burning bush
   215 | D        | Noticed a wandering mushroom
   216 | D        | Noticed a wandering mushroom
   219 | D        | Killed a burning bush
   220 | D        | Reached skill level 17 in Stealth
   220 | D        | Killed a wandering mushroom
   221 | D        | Reached skill level 18 in Stealth
   221 | D        | Reached skill level 5 in Evocations
   221 | D        | Reached XP level 7. HP: 38/38 MP: 5/8
   221 | D        | Killed a wandering mushroom
   222 | D        | Reached skill level 19 in Stealth
   236 | D        | Found Eluedegrua's Jewellery Shoppe.
   237 | D        | Found Resteamo's Distillery.
   242 | D        | Bought a +4 ring of protection for 468 gold pieces
   301 | D        | Reached skill level 5 in Fighting
   301 | D        | Reached XP level 8. HP: 43/43 MP: 6/9
   307 | D        | Noticed a queen bee
   315 | D        | Reached skill level 20 in Stealth
   328 | D        | Killed a queen bee
   408 | D        | Noticed an oklob plant
   411 | D        | Killed an oklob plant
   412 | D        | Reached skill level 21 in Stealth
   423 | D        | Noticed a burning bush
   447 | D        | Killed a burning bush
   448 | D        | Reached skill level 5 in Short Blades
   448 | D        | Reached XP level 9. HP: 44/48 MP: 10/10
   489 | D        | Noticed a burning bush
   489 | D        | Noticed an oklob plant
   490 | D        | Noticed a wandering mushroom
   514 | D        | Killed an oklob plant
   515 | D        | Reached skill level 22 in Stealth
   518 | D        | Killed a wandering mushroom
   519 | D        | Reached skill level 10 in Evocations
   531 | D        | Killed a burning bush
   532 | D        | Reached skill level 10 in Dodging
   542 | D        | Identified the ring "Arakaoq" {rElec rPois rN+}
   748 | D        | Noticed a spriggan druid
   750 | D        | Killed a spriggan druid
   751 | D        | Reached skill level 23 in Stealth
   807 | D        | Noticed an oklob plant conjurer
   808 | D        | Killed an oklob plant conjurer
   902 | D        | Noticed an oklob plant
   902 | D        | Noticed an oklob plant summoner
   903 | D        | Noticed an oklob plant shifter
   907 | D        | Killed an oklob plant
   908 | D        | Reached XP level 10. HP: 53/53 MP: 8/11
   909 | D        | Killed an oklob plant summoner
   910 | D        | Reached skill level 24 in Stealth
   914 | D        | Killed an oklob plant shifter
   936 | D        | Learned a level 3 spell: Call Canine Familiar
   940 | D        | Learned a level 3 spell: Stone Arrow
  1025 | D        | Noticed a spriggan rider
  1026 | D        | Found Cibbisk's Armour Emporium.
  1046 | D        | Reached skill level 1 in Spellcasting
  1062 | D        | Reached skill level 1 in Conjurations
  1062 | D        | Reached skill level 1 in Summonings
  1062 | D        | Reached skill level 1 in Earth Magic
  1151 | D        | Found Liboq's Book Shoppe.
  1158 | D        | Bought a +0 buckler for 63 gold pieces
  1169 | D        | Got the Papyrus of Heat and the Snowflakes
  1173 | D        | Learned a level 2 spell: Ensorcelled Hibernation
  1181 | D        | Bought the +2 ratskin cloak {*Rats rPois rN+ Str-1 Int-1
                  | Dex+1} for 389 gold pieces
  1181 | D        | Found the +2 ratskin cloak {*Rats rPois rN+ Str-1 Int-1
                  | Dex+1}
  1210 | D        | Noticed Agnes
  1212 | D        | Found Beutyrorch's Jewellery Emporium.
  1212 | D        | Noticed a spriggan berserker
  1214 | D        | Found Atok's Armour Shoppe.
  1216 | D        | Killed Agnes
  1217 | D        | Reached skill level 25 in Stealth
  1217 | D        | Reached skill level 1 in Shields
  1217 | D        | Reached skill level 1 in Ice Magic
  1220 | D        | Killed a spriggan berserker
  1230 | D        | Noticed a spriggan defender
  1237 | D        | Killed a spriggan defender
  1238 | D        | Reached skill level 5 in Throwing
  1238 | D        | Reached XP level 11. HP: 58/58 MP: 13/18
  1248 | D        | Bought the ring of Serendipity {Contam rC+ Int+3 Dex+6
                  | SInv} for 1083 gold pieces
  1310 | D        | Noticed a spriggan rider
  1318 | D        | Killed a spriggan rider
  1331 | D        | Noticed a ghost moth
  1332 | D        | Found Sadat's Book Boutique.
  1332 | D        | Found Jovuwyag's Jewellery Emporium.
  1332 | D        | Found Soturiwa's Magic Scroll Shoppe.
  1338 | D        | Killed a ghost moth
  1339 | D        | Reached skill level 5 in Spellcasting
  1378 | D        | Bought 2 scrolls of identify for 48 gold pieces
  1378 | D        | Bought a scroll of enchant armour for 90 gold pieces
  1378 | D        | Bought a scroll of enchant weapon for 90 gold pieces
  1378 | D        | Bought a scroll of enchant armour for 90 gold pieces
  1387 | D        | Bought a scroll of immolation for 42 gold pieces
  1387 | D        | Bought a scroll of identify for 24 gold pieces
  1417 | D        | Noticed an oklob plant shifter
  1417 | D        | Noticed an oklob plant meteorologist
  1422 | D        | Killed an oklob plant shifter
  1430 | D        | Killed an oklob plant meteorologist
  1496 | D        | Noticed a spriggan rider
  1503 | D        | Reached skill level 5 in Hexes
  1504 | D        | Killed a spriggan rider
  1505 | D        | Reached skill level 15 in Evocations
  1572 | D        | Found Nyabo Ywn's Antique Armour Shoppe.
  1572 | D        | Found Valanton's Distillery.
  1572 | D        | Found Ciol's Distillery.
  1572 | D        | Found Paxkul's Weapon Emporium.
  1572 | D        | Found Piepon's Magic Scroll Shoppe.
  1573 | D        | Found Adid's Antique Weapon Emporium.
  1573 | D        | Found Zumesaj's Antique Weapon Shop.
  1573 | D        | Found Seef's Weapon Boutique.
  1588 | D        | Bought a scroll of acquirement for 624 gold pieces
  1588 | D        | Acquired 993 gold pieces
  1591 | D        | Bought a potion of heal wounds for 60 gold pieces
  1591 | D        | Bought a potion of curing for 36 gold pieces
  1591 | D        | Bought a potion of heal wounds for 60 gold pieces
  1591 | D        | Bought a potion of might for 48 gold pieces
  1591 | D        | Bought a potion of curing for 36 gold pieces
  1592 | D        | Bought an embroidered hat for 126 gold pieces
  1603 | D        | Bought 2 potions of berserk rage for 120 gold pieces
  1605 | D        | Bought an ancient long sword for 212 gold pieces
  1605 | D        | Identified the +5 long sword "Spriggan's Curse" {flame,
                  | rPois Int-2 Dex+4} (You bought it in a shop in the Dungeon)
  1660 | D        | Noticed an oklob plant summoner
  1661 | D        | Found Boilah's Antique Weapon Emporium.
  1662 | D        | Found Johack's Book Shop.
  1667 | D        | Killed an oklob plant summoner
  1668 | D        | Reached skill level 26 in Stealth
  1675 | D        | Noticed an oklob plant demonologist
  1675 | D        | Noticed an oklob plant annihilator
  1676 | D        | Noticed a spriggan berserker
  1682 | D        | Killed an oklob plant annihilator
  1684 | D        | Killed a spriggan berserker
  1685 | D        | Killed an oklob plant demonologist
  1740 | D        | Identified the amulet of Arumav {Faith Fragile rElec rN+
                  | Int+3}
  1831 | D        | Noticed an oklob plant
  1831 | D        | Noticed an oklob plant
  1831 | D        | Noticed an oklob plant
  1831 | D        | Noticed an oklob plant
  1831 | D        | Noticed an oklob plant
  1831 | D        | Noticed an oklob plant
  1832 | D        | Noticed an oklob plant
  1833 | D        | Killed an oklob plant
  1834 | D        | Reached XP level 12. HP: 63/63 MP: 20/23
  1844 | D        | Reached skill level 5 in Earth Magic
  1857 | D        | Reached skill level 5 in Summonings
  1935 | D        | Noticed a spriggan defender
  1935 | D        | Noticed a spriggan defender
  1942 | D        | Killed a spriggan defender
  1943 | D        | Killed a spriggan defender
  1944 | D        | Reached skill level 27 in Stealth
  1944 | D        | Reached skill level 5 in Conjurations
  1944 | D        | Reached skill level 5 in Ice Magic
  2034 | D        | Noticed a death yak
  2062 | D        | HP: 1/63 [spriggan berserker (36)]
  2063 | D        | Reached skill level 5 in Shields
  2081 | D        | Demolished by a spriggan berserker

Illustrated notes

Levels and vault maps discovered:
D:        dungeon_sprint_fedhas [sprint_temple]

Skill      XL: |  1  2  3  4  5  6  7  8  9 10 11 12 |
---------------+-------------------------------------+-----
Dodging        | 2 3 4 5 7 9 10 11 12 13 | 13.5
Stealth        | 8 10 12 13 15 18 19 21 23 25 26 27 | 27.0
Fighting       | 2 3 4 5 6 7 |  7.6
Short Blades   | 3 4 5 6 7 |  7.7
Evocations     | 1 3 5 6 8 11 14 15 16 | 16.5
Throwing       | 3 4 5 |  5.5
Spellcasting   | 4 6 8 |  8.3
Conjurations   | 2 4 5 |  5.1
Summonings     | 2 4 5 |  5.4
Earth Magic    | 3 4 5 |  5.8
Shields        | 2 3 5 |  5.0
Hexes          | 3 5 7 |  7.5
Ice Magic      | 2 4 5 |  5.1

Action                   |  1- 3 |  4- 6 |  7- 9 | 10-12 || total
-------------------------+-------+-------+-------+-------++-------
Melee: Dagger            |     4 |     6 |    78 |    61 ||   149
Throw: Dart              |       |     4 |       |    13 ||    17
 Cast: Ensorcelled Hiber |       |       |       |     2 ||     2
 Abil: Evoke Invisibilit |       |     3 |     7 |    11 ||    21
  Use: Scroll            |       |       |       |     7 ||     7
 Stab: Sleeping          |     4 |     6 |    11 |    36 ||    57
       Invisible         |       |       |     3 |     3 ||     6
       Distracted        |       |       |       |     1 ||     1
Armor: Robe              |       |       |     1 |     1 ||     2
Dodge: Dodged            |       |     3 |    34 |    17 ||    54
Block: Buckler           |       |       |       |     8 ||     8
